 Dungeon Crawl Stone Soup version 0.19.0-24-gb05acd6 (webtiles) character file.

108 smedtjen the Magician (level 4, 0/24 HPs)
             Began as a Deep Elf Fire Elementalist on Nov 20, 2016.
             Succumbed to an orc wizard's poison
             ... on level 3 of the Dungeon.
             The game lasted 00:10:14 (2375 turns).

smedtjen the Magician (Deep Elf Fire Elementalist)  Turns: 2375, Time: 00:10:16

Health: 0/24       AC:  5    Str:  5    XL:     4   Next: 58%
Magic:  0/12       EV: 12    Int: 21    God:
Gold:   112        SH:  0    Dex: 15    Spells: 2 memorised, 8 levels left

rFire  . . .     SeeInvis .     d - +0 short sword
rCold  . . .     Gourm    .     f - +0 leather armour
rNeg   . . .     Faith    .     (no shield)
rPois  .         Spirit   .     k - +2 hat
rElec  .         Reflect  .     (no cloak)
rCorr  .         Harm     .     (no gloves)
MR     .....                    (no boots)
Stlth  ++........               (no amulet)
                                (no ring)
                                (no ring)

@: lethally poisoned (0 -> -4), very slightly contaminated
A: no striking features
a: no special abilities


You were on level 3 of the Dungeon.
You were not hungry.

You visited 1 branch of the dungeon, and saw 3 of its levels.

You collected 112 gold pieces.

Inventory:

Hand Weapons
 d - a +0 short sword (weapon)
Missiles
 i - 18 arrows
Armour
 f - a +0 leather armour (worn)
 k - a +2 hat (worn)
Wands
 n - a wand of paralysis (24/24)
Scrolls
 a - a scroll of recharging
 e - 6 scrolls of identify
Potions
 j - a potion of magic
Books
 b - a book of Flames

   Spells                             Type                      Level
   a - Flame Tongue                   Conjuration/Fire             1
   b - Throw Flame                    Conjuration/Fire             2
   c - Conjure Flame                  Conjuration/Fire             3
   d - Inner Flame                    Hexes/Fire                   3
   e - Sticky Flame                   Conjuration/Fire             4
   f - Fireball                       Conjuration/Fire             5


   Skills:
 + Level 0.1 Fighting
 + Level 0.6 Short Blades
 + Level 1.0 Armour
 + Level 2.6 Dodging
 + Level 3.0 Stealth
 + Level 4.3 Spellcasting
 + Level 1.9 Conjurations
 + Level 4.1 Fire Magic


You had 8 spell levels left.
You knew the following spells:

 Your Spells              Type           Power        Failure   Level  Hunger
a - Flame Tongue          Conj/Fire      ###..        6%          1    None
b - Throw Flame           Conj/Fire      ###...       10%         2    #......


Dungeon Overview and Level Annotations

Branches:
Dungeon (3/15)

Altars:


Message History

Aim: an orc, wielding a flail and wearing a chain mail The flame tongue hits the orc.
The orc is severely wounded.
The orc hits you with a flail.
* * * LOW HITPOINT WARNING * * *
Casting: Flame Tongue
Confirm with . or Enter, or press ? or * to list all spells.
You don't have enough magic to cast that spell.
Unknown command.
Casting: Flame Tongue
Confirm with . or Enter, or press ? or * to list all spells.
You don't have enough magic to cast that spell.
Unknown command.
Casting: Flame Tongue
Confirm with . or Enter, or press ? or * to list all spells.
You don't have enough magic to cast that spell.
Unknown command.
You hit the orc but do no damage.
The orc is severely wounded.
You die...

# ... #. #..#
###.# ####.####..
##...#
...#......####.<#
.....(.........##
..............##
..............#
.......).....##
.......@o#...#
...##...##...#
######...# #####


You could see an orc.

Vanquished Creatures
  An orc priest (D:2)
  An orc wizard (D:3)
  An adder (D:2)
  A worm (D:2)
  3 dart slugs
  3 leopard geckos
  2 orcs
  2 bats (D:1)
  A giant cockroach (D:2)
  3 goblins
  3 hobgoblins
  A kobold (D:1)
  6 frilled lizards
  4 rats
32 creatures vanquished.

Notes
Turn   | Place    | Note
-------+----------+-------------------------------------------
     0 | D:1      | smedtjen the Deep Elf Fire Elementalist began the quest for the Orb.
     0 | D:1      | Reached XP level 1. HP: 10/10 MP: 6/6
   318 | D:1      | Reached XP level 2. HP: 9/15 MP: 0/8
   322 | D:1      | Learned a level 2 spell: Throw Flame
  1662 | D:2      | Reached XP level 3. HP: 19/19 MP: 3/10
  2362 | D:3      | Reached XP level 4. HP: 12/24 MP: 4/12
  2369 | D:2      | Reached skill level 1 in Armour
  2374 | D:3      | HP: 1/24 [orc/flail (2)]
  2375 | D:3      | Succumbed to an orc wizard's poison

Skill      XL: |  1  2  3  4 |
---------------+-------------+-----
Fire Magic     | 4 |  4.1
Stealth        | 3 |  3.0
Spellcasting   | 4 |  4.3
Armour         | 1 |  1.0
Fighting       | |  0.1
Short Blades   | |  0.6
Dodging        | |  2.6
Conjurations   | |  1.9

Action                   |  1- 3 |  4- 6 || total
-------------------------+-------+-------++-------
Melee: Short sword       |     4 |     1 ||     5
 Cast: Flame Tongue      |    50 |     6 ||    56
       Throw Flame       |     5 |       ||     5
  Use: Scroll            |     6 |     1 ||     7
       Potion            |     1 |       ||     1
  Eat: Bread ration      |     1 |       ||     1
       Chunk             |     1 |       ||     1
       Pizza             |     1 |       ||     1
       Beef jerky        |       |     1 ||     1
Armor: Leather armour    |     7 |     2 ||     9
Dodge: Dodged            |    24 |     6 ||    30
